Kings vs Penguins
Created - 26 janvier 2015 at 19:33
Goals
|
| Kings |
1 |
1 |
0 |
2 |
| Penguins |
1 |
1 |
2 |
4 |
|
Shots
|
| Kings |
11 |
11 |
6 |
28 |
| Penguins |
7 |
11 |
8 |
26 |
|
1st period
1. Penguins , Darren Reid 21 (Peter Forsberg) at 11:30 (PP)
2. Kings , Jonas Hoglund 17 (Viktor Kozlov, Nikolai Kulemin) at 12:09
Penalties :
Brent Seabrook (LAK) for Hooking (Minor) at 2:02, Jay McKee (Pit) for Goalie Interference (Minor) at 7:03, Pernell Karl Subban (LAK) for Interference (Minor) at 11:27, Viktor Kozlov (LAK) for High sticking (Minor) at 16:16
2nd period
3. Kings , Hnat Domenichelli 3 (Jonas Hoglund, Nicklas Lidstrom) at 4:07
4. Penguins , Steven Stamkos 18 (Bobby Ryan, Dustin Penner) at 17:57
Penalties :
Sean Zimmerman (Pit) for Holding (Minor) at 1:43, Peter Forsberg (Pit) for Interference (Minor) at 4:45, Jonas Hoglund (LAK) for Holding Stick (Minor) at 18:39
3rd period
5. Penguins , Dustin Penner 16 (Nathan Horton, Brooks Orpik) at 7:49 (PP)
6. Penguins , Nathan Horton 17 (Ryan Kesler, Dustin Penner) at 10:32 (PP)
Penalties :
Mikkel Boedker (LAK) for High sticking (Minor) at 6:56, Nicklas Lidstrom (LAK) for Roughing (Minor) at 9:59, Brent Seabrook (LAK) for High sticking (Minor) at 10:46, Steven Stamkos (Pit) for Slashing (Minor) at 17:59
Goalie Stats
Jonathan Bernier (LAK), 22 saves from 26 shots - (0,846), L, 5-6-1, 60:00 minutes
Brian Elliott (Pit), 26 saves from 28 shots - (0,929), W, 26-14-3, 60:00 minutes
Players Stats for Kings
Player Name G A P +/- PIM S H SB GA TA FO MP PP MP PK MP
------------------------------------------------------------------------------------
Adam Burish 0 0 0 0 0 1 1 0 0 1 0/0 12:42 0:17 0:00
Anze Kopitar 0 0 0 0 0 2 2 1 0 0 13/29 22:30 4:12 2:51
Brent Seabrook 0 0 0 1 4 4 0 0 1 0 0/0 20:53 2:56 0:27
Cory Sarich 0 0 0 0 0 0 0 1 0 2 0/0 9:24 0:00 6:39
Hnat Domenichelli 1 0 1 1 0 4 1 0 0 0 0/0 9:01 0:00 3:35
Jonas Hoglund 1 1 2 1 2 2 3 0 1 0 0/0 18:08 0:02 4:16
Kristopher Letang 0 0 0 1 0 3 1 1 1 1 0/0 23:43 5:00 2:19
Michael Frolik 0 0 0 0 0 5 1 0 2 1 0/0 19:45 4:10 0:00
Mikkel Boedker 0 0 0 0 2 1 1 0 1 0 0/0 15:51 3:55 0:00
Nicklas Lidstrom 0 1 1 0 2 0 0 0 0 0 0/0 17:00 0:00 2:19
Nikolai Kulemin 0 1 1 0 0 0 0 0 1 1 0/0 13:42 3:44 0:00
Patrick Sharp 0 0 0 0 0 1 1 1 0 0 0/0 19:19 3:44 0:10
Pernell Karl Subban 0 0 0 0 2 0 1 0 0 1 0/0 18:34 2:56 0:27
Randy Jones 0 0 0 0 0 1 0 1 0 0 0/0 15:59 0:00 6:39
Randy Robitaille 0 0 0 1 0 0 0 0 0 0 3/4 7:32 0:00 2:15
Ryan Ellis 0 0 0 0 0 0 0 0 0 0 0/0 14:24 5:00 0:00
Tomas Plekanec 0 0 0 0 0 4 2 0 0 1 6/20 21:42 3:44 5:43
Viktor Kozlov 0 1 1 0 2 0 1 0 0 0 4/7 10:19 0:00 0:00
Players Stats for Penguins
Player Name G A P +/- PIM S H SB GA TA FO MP PP MP PK MP
------------------------------------------------------------------------------------
Bobby Ryan 0 1 1 -1 0 0 2 0 1 0 0/0 12:23 0:36 0:00
Brent Sopel 0 0 0 0 0 2 1 0 1 2 0/0 21:21 3:46 3:06
Brian McGrattan 0 0 0 0 0 1 1 0 0 0 0/0 4:52 0:00 0:00
Brooks Orpik 0 1 1 0 0 3 1 2 0 0 0/0 28:05 5:39 4:50
Darren Reid 1 0 1 0 0 3 2 0 0 1 0/0 18:23 5:05 0:00
Denis Arkhipov 0 0 0 0 0 0 1 0 0 0 1/2 6:41 0:00 1:16
Dennis Seidenberg 0 0 0 0 0 0 0 0 0 0 0/0 2:54 0:00 0:01
Dustin Penner 1 2 3 0 0 1 5 0 0 1 0/0 19:44 3:47 3:09
Jay McKee 0 0 0 0 2 1 4 0 1 0 0/0 25:14 5:39 3:48
Luke Schenn 0 0 0 -1 0 0 1 1 0 1 0/0 12:15 0:00 1:41
Nathan Horton 1 1 2 0 0 3 0 0 2 1 0/0 16:08 3:47 0:00
Paul Ranger 0 0 0 -1 0 0 0 1 0 1 0/0 10:34 0:00 0:00
Peter Forsberg 0 1 1 0 2 1 0 0 1 0 23/36 25:03 5:28 3:28
Ryan Kesler 0 1 1 0 0 1 2 0 2 0 5/13 20:52 3:47 4:27
Sean Zimmerman 0 0 0 0 2 0 0 0 0 0 0/0 19:59 3:46 2:26
Simon Gagné 0 0 0 0 0 5 2 5 0 0 1/1 21:15 5:23 1:58
Steve Sullivan 0 0 0 -1 0 0 2 0 0 0 0/1 12:32 0:22 0:00
Steven Stamkos 1 0 1 -1 2 5 1 1 0 0 4/7 13:45 0:00 1:34
3 Stars
1 - Dustin Penner (Pit)
2 - Jonas Hoglund (LAK)
3 - Nathan Horton (Pit)
Power Play
Kings - 0 on 4 Attempt(s) - 0,00%
Penguins - 3 on 7 Attempt(s) - 42,86%
Penalty Kill
Kings - 4 on 7 Attempt(s) - 57,14%
- Score 0 goal in Penalty Kill
Penguins - 4 on 4 Attempt(s) - 100,00%
- Score 0 goal in Penalty Kill
Team Stat
Kings - Hits : 15 - Faceoff Wins : 26 - Blocked Shots : 5 - Penalty Minutes : 14
Penguins - Hits : 25 - Faceoff Wins : 34 - Blocked Shots : 10 - Penalty Minutes : 8
Official
Referees : Jackson Dave and Rehman Kyle
Linesman : Ryan Galloway and Jean Morin
Game Notes
No Game Note
Finance
Level 1 -- Attendance: 5306 (88,43%) -- Ticket Income 419 174 $
Level 2 -- Attendance: 4763 (95,26%) -- Ticket Income 214 335 $
Level 3 -- Attendance: 2000 (100,00%) -- Ticket Income 62 000 $
Level 4 -- Attendance: 4000 (100,00%) -- Ticket Income 64 000 $
Luxury Box -- Attendance: 878 (87,80%) -- Ticket Income 146 626 $
Game was played at the Igloo'
Total Attendance: 16947 (94,15%)
Total Ticket Income: 906 135 $
Other Income: 135 920 $
Total Income: 1 042 055 $
Kings
5 vs 5 Forward
Center Left Wing Right Wing Time % Phy DF OF
1 Anze Kopitar Patrick Sharp Michael Frolik 40 1 2 2
2 Tomas Plekanec Mikkel Boedker Adam Burish 30 1 2 2
3 Viktor Kozlov Nikolai Kulemin Jonas Hoglund 25 1 2 2
4 Randy Robitaille Hnat Domenichelli Jonas Hoglund 5 1 4 0
5 vs 5 Defense
Defense Defense Time % Phy DF OF
1 Brent Seabrook Kristopher Letang 40 0 3 2
2 Nicklas Lidstrom Pernell Karl Subban 35 0 3 2
3 Randy Jones Ryan Ellis 20 2 2 1
4 Cory Sarich Ryan Ellis 5 2 2 1
PowerPlay Forward
Center Left Wing Right Wing Time % Phy DF OF
1 Anze Kopitar Mikkel Boedker Michael Frolik 60 1 1 3
2 Tomas Plekanec Patrick Sharp Nikolai Kulemin 40 1 1 3
PowerPlay Defense
Defense Defense Time % Phy DF OF
1 Ryan Ellis Kristopher Letang 60 0 2 3
2 Pernell Karl Subban Brent Seabrook 40 0 2 3
Penalty Kill 4 Players Forward
Center Wing Time % Phy DF OF
1 Tomas Plekanec Jonas Hoglund 60 0 4 1
2 Randy Robitaille Hnat Domenichelli 40 0 4 1
Penalty Kill 4 Players Defense
Defense Defense Time % Phy DF OF
1 Randy Jones Cory Sarich 60 1 4 0
2 Nicklas Lidstrom Kristopher Letang 40 1 4 0
Penalty Kill - 3 Players Forward
Forward Time % Phy DF OF
1 Randy Robitaille 60 0 4 1
2 Anze Kopitar 40 0 4 1
Penalty Kill - 3 Players Defense
Defense Defense Time % Phy DF OF
1 Randy Jones Kristopher Letang 60 1 4 0
2 Cory Sarich Brent Seabrook 40 1 4 0
4 vs 4 Forward
Center Wing Time % Phy DF OF
1 Anze Kopitar Michael Frolik 60 1 2 2
2 Tomas Plekanec Patrick Sharp 40 1 2 2
4 vs 4 Defense
Defense Defense Time % Phy DF OF
1 Nicklas Lidstrom Kristopher Letang 60 1 2 2
2 Randy Jones Cory Sarich 40 1 2 2
Last Minutes Offensive
Center Left Wing Right Wing Defense Defense
Anze Kopitar Patrick Sharp Michael Frolik Brent Seabrook Kristopher Letang
Last Minutes Defensive
Center Left Wing Right Wing Defense Defense
Anze Kopitar Patrick Sharp Jonas Hoglund Brent Seabrook Kristopher Letang
Goaltenders
Starting : Jonathan Bernier
Backup : Ray Emery
Extra Forwards
Normal : Anze Kopitar, Patrick Sharp, Michael Frolik - PP : Adam Burish, Tomas Plekanec - PK : Anze Kopitar
Extra Defensemen
Normal : Pernell Karl Subban, Kristopher Letang, Brent Seabrook - PP : Nicklas Lidstrom - PK : Pernell Karl Subban, Cory Sarich
Penalty Shots
Anze Kopitar, Michael Frolik, Mikkel Boedker, Nicklas Lidstrom, Patrick Sharp
Penguins
5 vs 5 Forward
Center Left Wing Right Wing Time % Phy DF OF
1 Peter Forsberg Simon Gagné Darren Reid 40 1 2 2
2 Ryan Kesler Dustin Penner Nathan Horton 30 1 2 2
3 Steven Stamkos Steve Sullivan Bobby Ryan 20 1 2 2
4 Denis Arkhipov Peter Forsberg Brian McGrattan 10 1 2 2
5 vs 5 Defense
Defense Defense Time % Phy DF OF
1 Brooks Orpik Jay McKee 40 1 2 2
2 Brent Sopel Sean Zimmerman 30 1 2 2
3 Paul Ranger Luke Schenn 20 1 2 2
4 Dennis Seidenberg Brooks Orpik 10 1 2 2
PowerPlay Forward
Center Left Wing Right Wing Time % Phy DF OF
1 Peter Forsberg Simon Gagné Darren Reid 60 1 2 2
2 Ryan Kesler Dustin Penner Nathan Horton 40 1 2 2
PowerPlay Defense
Defense Defense Time % Phy DF OF
1 Brooks Orpik Jay McKee 60 1 2 2
2 Brent Sopel Sean Zimmerman 40 1 2 2
Penalty Kill 4 Players Forward
Center Wing Time % Phy DF OF
1 Peter Forsberg Ryan Kesler 60 1 2 2
2 Simon Gagné Dustin Penner 40 1 2 2
Penalty Kill 4 Players Defense
Defense Defense Time % Phy DF OF
1 Brooks Orpik Jay McKee 60 1 2 2
2 Brent Sopel Sean Zimmerman 40 1 2 2
Penalty Kill - 3 Players Forward
Forward Time % Phy DF OF
1 Peter Forsberg 60 1 2 2
2 Ryan Kesler 40 1 2 2
Penalty Kill - 3 Players Defense
Defense Defense Time % Phy DF OF
1 Brooks Orpik Jay McKee 60 1 2 2
2 Brent Sopel Sean Zimmerman 40 1 2 2
4 vs 4 Forward
Center Wing Time % Phy DF OF
1 Peter Forsberg Ryan Kesler 60 1 2 2
2 Simon Gagné Dustin Penner 40 1 2 2
4 vs 4 Defense
Defense Defense Time % Phy DF OF
1 Brooks Orpik Jay McKee 60 1 2 2
2 Brent Sopel Sean Zimmerman 40 1 2 2
Last Minutes Offensive
Center Left Wing Right Wing Defense Defense
Peter Forsberg Simon Gagné Darren Reid Brooks Orpik Jay McKee
Last Minutes Defensive
Center Left Wing Right Wing Defense Defense
Peter Forsberg Simon Gagné Darren Reid Brooks Orpik Jay McKee
Goaltenders
Starting : Brian Elliott
Backup : Josh Tordjman
Extra Forwards
Normal : Bobby Ryan, Steve Sullivan, Steven Stamkos - PP : Bobby Ryan, Steve Sullivan - PK : Steven Stamkos
Extra Defensemen
Normal : Paul Ranger, Luke Schenn, Dennis Seidenberg - PP : Paul Ranger - PK : Luke Schenn, Dennis Seidenberg
Penalty Shots
Peter Forsberg, Ryan Kesler, Simon Gagné, Dustin Penner, Darren Reid
% Time on Ice - Kings
Lines # - Real PCT - Wanted PCT - Time Play
Normal Forward
1 - 36% - 40% - 15:27
2 - 30% - 30% - 12:37
3 - 23% - 25% - 9:49
4 - 11% - 5% - 4:46
Normal Defense
1 - 42% - 40% - 17:56
2 - 35% - 35% - 15:03
3 - 19% - 20% - 8:18
4 - 3% - 5% - 1:22
PP Forward
1 - 53% - 60% - 4:12
2 - 47% - 40% - 3:44
PP Defense
1 - 63% - 60% - 5:00
2 - 37% - 40% - 2:56
PK Forward
1 - 80% - 60% - 7:32
2 - 20% - 40% - 1:53
PK Defense
1 - 75% - 60% - 7:06
2 - 25% - 40% - 2:19
PK3 Forward
1 - 0% - 60%
2 - 0% - 40%
PK3 Defense
1 - 0% - 60%
2 - 0% - 40%
44 Forward
1 - 0% - 60%
2 - 0% - 40%
44 Defense
1 - 0% - 60%
2 - 0% - 40%
Last Minute Offensive - 0:00
Last Minute Defensive - 0:00
Total
Forward - 60:00
Defense - 60:00
|
% Time on Ice - Penguins
Lines # - Real PCT - Wanted PCT - Time Play
Normal Forward
1 - 33% - 40% - 14:05
2 - 29% - 30% - 12:22
3 - 27% - 20% - 11:20
4 - 11% - 10% - 4:52
Normal Defense
1 - 37% - 40% - 15:35
2 - 32% - 30% - 13:41
3 - 25% - 20% - 10:34
4 - 7% - 10% - 2:49
PP Forward
1 - 60% - 60% - 5:38
2 - 40% - 40% - 3:47
PP Defense
1 - 60% - 60% - 5:39
2 - 40% - 40% - 3:46
PK Forward
1 - 76% - 60% - 6:03
2 - 24% - 40% - 1:53
PK Defense
1 - 61% - 60% - 4:51
2 - 39% - 40% - 3:05
PK3 Forward
1 - 0% - 60%
2 - 0% - 40%
PK3 Defense
1 - 0% - 60%
2 - 0% - 40%
44 Forward
1 - 0% - 60%
2 - 0% - 40%
44 Defense
1 - 0% - 60%
2 - 0% - 40%
Last Minute Offensive - 0:00
Last Minute Defensive - 0:00
Total
Forward - 60:00
Defense - 60:00
|
Play by Play
1st period
0:01 of 1st period - Anze Kopitar wins face-off versus Peter Forsberg in neutral zone.
0:10 of 1st period - Wrist shot by Anze Kopitar.
0:10 of 1st period - Stopped by Brian Elliott without a rebound.
0:11 of 1st period - Ryan Kesler wins face-off versus Tomas Plekanec in Penguins zone.
0:24 of 1st period - Wrist shot by Mikkel Boedker.
0:24 of 1st period - Stopped by Brian Elliott with a rebound.
0:36 of 1st period - Jonas Hoglund is hit by Steven Stamkos and loses puck.
0:47 of 1st period - Snap shot by Bobby Ryan.
0:47 of 1st period - Shot Misses the Net.
1:36 of 1st period - Jonas Hoglund is hit by Jay McKee and loses puck.
2:02 of 1st period - Minor Penalty to Brent Seabrook for Hooking.
2:03 of 1st period - Peter Forsberg wins face-off versus Tomas Plekanec in Kings zone.
2:15 of 1st period - Slapshot by Simon Gagné.
2:15 of 1st period - Stopped by Jonathan Bernier with a rebound.
2:17 of 1st period - Wrist shot by Brooks Orpik.
2:17 of 1st period - Stopped by Jonathan Bernier with a rebound.
2:19 of 1st period - Wrist shot by Simon Gagné.
2:19 of 1st period - Stopped by Jonathan Bernier with a rebound.
2:56 of 1st period - Kristopher Letang is hit by Dustin Penner and loses puck.
4:02 of 1st period - Penalty to Brent Seabrook is over, Brent Seabrook is back on ice.
4:07 of 1st period - Bobby Ryan is hit by Anze Kopitar and loses puck.
4:14 of 1st period - Anze Kopitar is hit by Bobby Ryan and loses puck.
4:44 of 1st period - Icing by Brent Seabrook.
4:45 of 1st period - Ryan Kesler wins face-off versus Viktor Kozlov in Kings zone.
4:46 of 1st period - Snap shot by Nathan Horton.
4:46 of 1st period - Stopped by Jonathan Bernier with a rebound.
5:08 of 1st period - Wrist shot by Michael Frolik.
5:08 of 1st period - Stopped by Brian Elliott without a rebound.
5:09 of 1st period - Peter Forsberg wins face-off versus Anze Kopitar in Penguins zone.
5:11 of 1st period - Icing by Simon Gagné.
5:12 of 1st period - Peter Forsberg wins face-off versus Anze Kopitar in Penguins zone.
5:28 of 1st period - Icing by Randy Jones.
5:29 of 1st period - Anze Kopitar wins face-off versus Ryan Kesler in Kings zone.
6:22 of 1st period - Snap shot by Jonas Hoglund.
6:22 of 1st period - Shot Blocked by Brooks Orpik.
6:34 of 1st period - Michael Frolik is hit by Dustin Penner and loses puck.
6:55 of 1st period - Wrist shot by Mikkel Boedker.
6:55 of 1st period - Shot Misses the Net.
6:57 of 1st period - Backhand shot by Pernell Karl Subban.
6:57 of 1st period - Shot Misses the Net.
7:03 of 1st period - Minor Penalty to Jay McKee for Goalie Interference.
7:04 of 1st period - Anze Kopitar wins face-off versus Ryan Kesler in Penguins zone.
7:05 of 1st period - Slapshot by Michael Frolik.
7:05 of 1st period - Stopped by Brian Elliott without a rebound.
7:06 of 1st period - Anze Kopitar wins face-off versus Peter Forsberg in Penguins zone.
7:43 of 1st period - Wrist shot by Kristopher Letang.
7:43 of 1st period - Stopped by Brian Elliott with a rebound.
8:39 of 1st period - Simon Gagné is hit by Michael Frolik.
9:03 of 1st period - Penalty to Jay McKee is over, Jay McKee is back on ice.
9:27 of 1st period - Slapshot by Hnat Domenichelli.
9:27 of 1st period - Shot Misses the Net.
9:54 of 1st period - Adam Burish is hit by Darren Reid.
10:10 of 1st period - Kristopher Letang is hit by Jay McKee and loses puck.
10:29 of 1st period - Icing by Peter Forsberg.
10:30 of 1st period - Randy Robitaille wins face-off versus Denis Arkhipov in Penguins zone.
10:31 of 1st period - Slapshot by Nicklas Lidstrom.
10:31 of 1st period - Shot Blocked by Luke Schenn.
11:10 of 1st period - Wrist shot by Ryan Kesler.
11:10 of 1st period - Deflect By Dustin Penner.
11:10 of 1st period - Shot Misses the Net.
11:10 of 1st period - Puck is out of play.
11:11 of 1st period - Tomas Plekanec wins face-off versus Ryan Kesler in Kings zone.
11:27 of 1st period - Minor Penalty to Pernell Karl Subban for Interference.
11:28 of 1st period - Peter Forsberg wins face-off versus Tomas Plekanec in Kings zone.
11:28 of 1st period - Snap shot by Darren Reid.
11:28 of 1st period - Shot Misses the Net.
11:30 of 1st period - Snap shot by Darren Reid.
11:30 of 1st period - Goal by Darren Reid - Kings : 0 - Penguins : 1.
11:31 of 1st period - Peter Forsberg wins face-off versus Anze Kopitar in neutral zone.
12:09 of 1st period - Wrist shot by Jonas Hoglund.
12:09 of 1st period - Goal by Jonas Hoglund - Kings : 1 - Penguins : 1.
12:10 of 1st period - Anze Kopitar wins face-off versus Peter Forsberg in neutral zone.
12:12 of 1st period - Off-side.
12:13 of 1st period - Peter Forsberg wins face-off versus Anze Kopitar in neutral zone.
12:18 of 1st period - Snap shot by Simon Gagné.
12:18 of 1st period - Stopped by Jonathan Bernier without a rebound.
12:19 of 1st period - Anze Kopitar wins face-off versus Peter Forsberg in Kings zone.
12:34 of 1st period - Wrist shot by Anze Kopitar.
12:34 of 1st period - Deflect By Michael Frolik.
12:34 of 1st period - Stopped by Brian Elliott without a rebound.
12:35 of 1st period - Ryan Kesler wins face-off versus Tomas Plekanec in Penguins zone.
12:44 of 1st period - Slapshot by Jay McKee.
12:44 of 1st period - Stopped by Jonathan Bernier with a rebound.
13:33 of 1st period - Snap shot by Anze Kopitar.
13:33 of 1st period - Deflect By Patrick Sharp.
13:33 of 1st period - Shot Misses the Net.
13:33 of 1st period - Puck is out of play.
13:34 of 1st period - Viktor Kozlov wins face-off versus Ryan Kesler in Penguins zone.
13:43 of 1st period - Nicklas Lidstrom is hit by Dustin Penner and loses puck.
14:12 of 1st period - Snap shot by Michael Frolik.
14:12 of 1st period - Shot Misses the Net.
14:58 of 1st period - Nicklas Lidstrom is hit by Brian McGrattan and loses puck.
15:48 of 1st period - Nicklas Lidstrom is hit by Ryan Kesler and loses puck.
16:16 of 1st period - Minor Penalty to Viktor Kozlov for High sticking.
16:17 of 1st period - Tomas Plekanec wins face-off versus Peter Forsberg in Kings zone.
16:35 of 1st period - Randy Jones is hit by Jay McKee and loses puck.
17:07 of 1st period - Randy Jones is hit by Brooks Orpik and loses puck.
18:04 of 1st period - Steve Sullivan is hit by Jonas Hoglund and loses puck.
18:16 of 1st period - Penalty to Viktor Kozlov is over, Viktor Kozlov is back on ice.
18:36 of 1st period - Slapshot by Brent Seabrook.
18:36 of 1st period - Stopped by Brian Elliott with a rebound.
18:38 of 1st period - Slapshot by Hnat Domenichelli.
18:38 of 1st period - Shot Misses the Net.
18:40 of 1st period - Wrist shot by Hnat Domenichelli.
18:40 of 1st period - Stopped by Brian Elliott with a rebound.
18:42 of 1st period - Snap shot by Brent Seabrook.
18:42 of 1st period - Stopped by Brian Elliott with a rebound.
18:46 of 1st period - Slapshot by Hnat Domenichelli.
18:46 of 1st period - Stopped by Brian Elliott without a rebound.
18:47 of 1st period - Tomas Plekanec wins face-off versus Ryan Kesler in Penguins zone.
Goals for this period are 1 for Kings vs 1 for Penguins.
Shots for this period are 11 for Kings vs 7 for Penguins.
2nd period
0:01 of 2nd period - Peter Forsberg wins face-off versus Anze Kopitar in neutral zone.
0:53 of 2nd period - Wrist shot by Bobby Ryan.
0:53 of 2nd period - Shot Misses the Net.
0:55 of 2nd period - Slapshot by Brooks Orpik.
0:55 of 2nd period - Stopped by Jonathan Bernier without a rebound.
0:56 of 2nd period - Peter Forsberg wins face-off versus Anze Kopitar in Kings zone.
1:01 of 2nd period - Wrist shot by Darren Reid.
1:01 of 2nd period - Shot Misses the Net.
1:03 of 2nd period - Snap shot by Darren Reid.
1:03 of 2nd period - Shot Misses the Net.
1:11 of 2nd period - Snap shot by Darren Reid.
1:11 of 2nd period - Shot Misses the Net.
1:21 of 2nd period - Pernell Karl Subban is hit by Steve Sullivan and loses puck.
1:43 of 2nd period - Minor Penalty to Sean Zimmerman for Holding.
1:44 of 2nd period - Peter Forsberg wins face-off versus Tomas Plekanec in Penguins zone.
1:51 of 2nd period - Off-side.
1:52 of 2nd period - Peter Forsberg wins face-off versus Tomas Plekanec in neutral zone.
2:05 of 2nd period - Snap shot by Ryan Kesler.
2:05 of 2nd period - Deflect By Peter Forsberg.
2:05 of 2nd period - Stopped by Jonathan Bernier without a rebound.
2:06 of 2nd period - Anze Kopitar wins face-off versus Peter Forsberg in Kings zone.
2:51 of 2nd period - Kristopher Letang is hit by Luke Schenn and loses puck.
3:30 of 2nd period - Ryan Kesler is hit by Pernell Karl Subban and loses puck.
3:43 of 2nd period - Penalty to Sean Zimmerman is over, Sean Zimmerman is back on ice.
3:54 of 2nd period - Off-side.
3:55 of 2nd period - Randy Robitaille wins face-off versus Steven Stamkos in neutral zone.
3:58 of 2nd period - Steven Stamkos is hit by Jonas Hoglund and loses puck.
4:03 of 2nd period - Wrist shot by Hnat Domenichelli.
4:03 of 2nd period - Shot Blocked by Steven Stamkos.
4:05 of 2nd period - Slapshot by Jonas Hoglund.
4:05 of 2nd period - Stopped by Brian Elliott with a rebound.
4:07 of 2nd period - Slapshot by Hnat Domenichelli.
4:07 of 2nd period - Goal by Hnat Domenichelli - Kings : 2 - Penguins : 1.
4:08 of 2nd period - Peter Forsberg wins face-off versus Anze Kopitar in neutral zone.
4:21 of 2nd period - Wrist shot by Peter Forsberg.
4:21 of 2nd period - Deflect By Simon Gagné.
4:21 of 2nd period - Shot Blocked by Kristopher Letang.
4:21 of 2nd period - Puck is out of play.
4:22 of 2nd period - Viktor Kozlov wins face-off versus Peter Forsberg in Kings zone.
4:45 of 2nd period - Minor Penalty to Peter Forsberg for Interference.
4:46 of 2nd period - Anze Kopitar wins face-off versus Steven Stamkos in Penguins zone.
5:01 of 2nd period - Backhand shot by Michael Frolik.
5:01 of 2nd period - Shot Misses the Net.
6:45 of 2nd period - Penalty to Peter Forsberg is over, Peter Forsberg is back on ice.
7:05 of 2nd period - Slapshot by Hnat Domenichelli.
7:05 of 2nd period - Stopped by Brian Elliott without a rebound.
7:06 of 2nd period - Randy Robitaille wins face-off versus Peter Forsberg in Penguins zone.
7:09 of 2nd period - Snap shot by Hnat Domenichelli.
7:09 of 2nd period - Shot Blocked by Simon Gagné.
7:11 of 2nd period - Snap shot by Brent Seabrook.
7:11 of 2nd period - Stopped by Brian Elliott without a rebound.
7:12 of 2nd period - Peter Forsberg wins face-off versus Randy Robitaille in Penguins zone.
7:19 of 2nd period - Wrist shot by Darren Reid.
7:19 of 2nd period - Stopped by Jonathan Bernier without a rebound.
7:20 of 2nd period - Anze Kopitar wins face-off versus Peter Forsberg in Kings zone.
7:29 of 2nd period - Wrist shot by Darren Reid.
7:29 of 2nd period - Shot Blocked by Patrick Sharp.
7:31 of 2nd period - Slapshot by Brent Sopel.
7:31 of 2nd period - Stopped by Jonathan Bernier with a rebound.
7:33 of 2nd period - Slapshot by Brent Sopel.
7:33 of 2nd period - Deflect By Brent Seabrook.
7:33 of 2nd period - Stopped by Jonathan Bernier without a rebound.
7:34 of 2nd period - Peter Forsberg wins face-off versus Anze Kopitar in Kings zone.
8:01 of 2nd period - Brent Seabrook is hit by Dustin Penner and loses puck.
8:08 of 2nd period - Slapshot by Ryan Kesler.
8:08 of 2nd period - Shot Misses the Net.
8:24 of 2nd period - Snap shot by Tomas Plekanec.
8:24 of 2nd period - Stopped by Brian Elliott with a rebound.
8:28 of 2nd period - Wrist shot by Tomas Plekanec.
8:28 of 2nd period - Stopped by Brian Elliott without a rebound.
8:29 of 2nd period - Peter Forsberg wins face-off versus Tomas Plekanec in Penguins zone.
8:29 of 2nd period - Peter Forsberg is hit by Tomas Plekanec.
8:45 of 2nd period - Snap shot by Mikkel Boedker.
8:45 of 2nd period - Shot Blocked by Simon Gagné.
8:47 of 2nd period - Snap shot by Nicklas Lidstrom.
8:47 of 2nd period - Shot Blocked by Simon Gagné.
8:49 of 2nd period - Wrist shot by Pernell Karl Subban.
8:49 of 2nd period - Shot Blocked by Simon Gagné.
8:51 of 2nd period - Wrist shot by Tomas Plekanec.
8:51 of 2nd period - Deflect By Darren Reid.
8:51 of 2nd period - Shot Misses the Net.
8:51 of 2nd period - Puck is out of play.
8:52 of 2nd period - Anze Kopitar wins face-off versus Ryan Kesler in Penguins zone.
9:05 of 2nd period - Snap shot by Nathan Horton.
9:05 of 2nd period - Stopped by Jonathan Bernier without a rebound.
9:06 of 2nd period - Peter Forsberg wins face-off versus Anze Kopitar in Kings zone.
9:50 of 2nd period - Off-side.
9:51 of 2nd period - Steven Stamkos wins face-off versus Tomas Plekanec in neutral zone.
11:07 of 2nd period - Wrist shot by Steven Stamkos.
11:07 of 2nd period - Stopped by Jonathan Bernier without a rebound.
11:08 of 2nd period - Steven Stamkos wins face-off versus Anze Kopitar in Kings zone.
11:34 of 2nd period - Brent Seabrook is hit by Steve Sullivan and loses puck.
12:15 of 2nd period - Snap shot by Peter Forsberg.
12:15 of 2nd period - Shot Blocked by Anze Kopitar.
13:21 of 2nd period - Wrist shot by Peter Forsberg.
13:21 of 2nd period - Shot Misses the Net.
13:43 of 2nd period - Paul Ranger is hit by Patrick Sharp and loses puck.
15:01 of 2nd period - Brian McGrattan is hit by Viktor Kozlov and loses puck.
15:18 of 2nd period - Slapshot by Tomas Plekanec.
15:18 of 2nd period - Deflect By Peter Forsberg.
15:18 of 2nd period - Stopped by Brian Elliott without a rebound.
15:19 of 2nd period - Peter Forsberg wins face-off versus Tomas Plekanec in Penguins zone.
15:24 of 2nd period - Cory Sarich is hit by Simon Gagné and loses puck.
15:35 of 2nd period - Snap shot by Mikkel Boedker.
15:35 of 2nd period - Deflect By Sean Zimmerman.
15:35 of 2nd period - Shot Misses the Net.
15:35 of 2nd period - Puck is out of play.
15:36 of 2nd period - Ryan Kesler wins face-off versus Anze Kopitar in Penguins zone.
16:52 of 2nd period - Backhand shot by Ryan Kesler.
16:52 of 2nd period - Shot Hit the Post.
16:54 of 2nd period - Wrist shot by Ryan Kesler.
16:54 of 2nd period - Shot Misses the Net.
16:56 of 2nd period - Snap shot by Ryan Kesler.
16:56 of 2nd period - Stopped by Jonathan Bernier without a rebound.
16:57 of 2nd period - Simon Gagné wins face-off versus Anze Kopitar in Kings zone.
17:49 of 2nd period - Wrist shot by Bobby Ryan.
17:49 of 2nd period - Shot Misses the Net.
17:51 of 2nd period - Snap shot by Steven Stamkos.
17:51 of 2nd period - Shot Hit the Post.
17:53 of 2nd period - Slapshot by Steven Stamkos.
17:53 of 2nd period - Stopped by Jonathan Bernier with a rebound.
17:55 of 2nd period - Snap shot by Steven Stamkos.
17:55 of 2nd period - Deflect By Nikolai Kulemin.
17:55 of 2nd period - Stopped by Jonathan Bernier with a rebound.
17:57 of 2nd period - Slapshot by Steven Stamkos.
17:57 of 2nd period - Goal by Steven Stamkos - Kings : 2 - Penguins : 2.
17:58 of 2nd period - Anze Kopitar wins face-off versus Peter Forsberg in neutral zone.
18:05 of 2nd period - Patrick Sharp is hit by Brent Sopel and loses puck.
18:12 of 2nd period - Backhand shot by Anze Kopitar.
18:12 of 2nd period - Deflect By Patrick Sharp.
18:12 of 2nd period - Stopped by Brian Elliott with a rebound.
18:14 of 2nd period - Snap shot by Michael Frolik.
18:14 of 2nd period - Stopped by Brian Elliott with a rebound.
18:26 of 2nd period - Snap shot by Viktor Kozlov.
18:26 of 2nd period - Deflect By Nikolai Kulemin.
18:26 of 2nd period - Shot Misses the Net.
18:26 of 2nd period - Puck is out of play.
18:27 of 2nd period - Ryan Kesler wins face-off versus Viktor Kozlov in Penguins zone.
18:39 of 2nd period - Minor Penalty to Jonas Hoglund for Holding Stick.
18:40 of 2nd period - Peter Forsberg wins face-off versus Tomas Plekanec in Kings zone.
18:50 of 2nd period - Slapshot by Tomas Plekanec.
18:50 of 2nd period - Stopped by Brian Elliott with a rebound.
18:52 of 2nd period - Slapshot by Randy Jones.
18:52 of 2nd period - Deflect By Simon Gagné.
18:52 of 2nd period - Stopped by Brian Elliott without a rebound.
18:53 of 2nd period - Peter Forsberg wins face-off versus Tomas Plekanec in Penguins zone.
19:21 of 2nd period - Wrist shot by Ryan Kesler.
19:21 of 2nd period - Shot Blocked by Cory Sarich.
19:23 of 2nd period - Snap shot by Brooks Orpik.
19:23 of 2nd period - Shot Misses the Net.
19:41 of 2nd period - Wrist shot by Randy Robitaille.
19:41 of 2nd period - Shot Misses the Net.
Goals for this period are 1 for Kings vs 1 for Penguins.
Shots for this period are 11 for Kings vs 11 for Penguins.
3rd period
0:01 of 3rd period - Peter Forsberg wins face-off versus Tomas Plekanec in neutral zone.
0:39 of 3rd period - Penalty to Jonas Hoglund is over, Jonas Hoglund is back on ice.
0:40 of 3rd period - Randy Jones is hit by Dustin Penner and loses puck.
1:19 of 3rd period - Backhand shot by Anze Kopitar.
1:19 of 3rd period - Stopped by Brian Elliott with a rebound.
1:21 of 3rd period - Snap shot by Randy Jones.
1:21 of 3rd period - Shot Misses the Net.
1:23 of 3rd period - Slapshot by Randy Jones.
1:23 of 3rd period - Shot Blocked by Paul Ranger.
4:23 of 3rd period - Randy Robitaille is hit by Bobby Ryan and loses puck.
4:53 of 3rd period - Off-side.
4:54 of 3rd period - Viktor Kozlov wins face-off versus Steve Sullivan in neutral zone.
5:27 of 3rd period - Wrist shot by Darren Reid.
5:27 of 3rd period - Shot Misses the Net.
5:43 of 3rd period - Snap shot by Ryan Kesler.
5:43 of 3rd period - Shot Misses the Net.
6:13 of 3rd period - Paul Ranger is hit by Hnat Domenichelli and loses puck.
6:56 of 3rd period - Minor Penalty to Mikkel Boedker for High sticking.
6:57 of 3rd period - Peter Forsberg wins face-off versus Tomas Plekanec in Kings zone.
6:58 of 3rd period - Slapshot by Darren Reid.
6:58 of 3rd period - Stopped by Jonathan Bernier with a rebound.
7:08 of 3rd period - Slapshot by Brooks Orpik.
7:08 of 3rd period - Deflect By Simon Gagné.
7:08 of 3rd period - Shot Misses the Net.
7:08 of 3rd period - Puck is out of play.
7:09 of 3rd period - Tomas Plekanec wins face-off versus Peter Forsberg in Kings zone.
7:09 of 3rd period - Tomas Plekanec is hit by Simon Gagné.
7:19 of 3rd period - Cory Sarich is hit by Darren Reid.
7:49 of 3rd period - Snap shot by Nathan Horton.
7:49 of 3rd period - Deflect By Dustin Penner.
7:49 of 3rd period - Goal by Dustin Penner - Kings : 2 - Penguins : 3.
7:50 of 3rd period - Anze Kopitar wins face-off versus Peter Forsberg in neutral zone.
8:03 of 3rd period - Wrist shot by Peter Forsberg.
8:03 of 3rd period - Shot Misses the Net.
8:05 of 3rd period - Snap shot by Brooks Orpik.
8:05 of 3rd period - Shot Misses the Net.
8:15 of 3rd period - Brooks Orpik is hit by Kristopher Letang and loses puck.
8:26 of 3rd period - Snap shot by Mikkel Boedker.
8:26 of 3rd period - Shot Blocked by Brooks Orpik.
8:28 of 3rd period - Wrist shot by Adam Burish.
8:28 of 3rd period - Stopped by Brian Elliott with a rebound.
8:44 of 3rd period - Jay McKee is hit by Jonas Hoglund and loses puck.
9:01 of 3rd period - Slapshot by Simon Gagné.
9:01 of 3rd period - Stopped by Jonathan Bernier with a rebound.
9:15 of 3rd period - Wrist shot by Michael Frolik.
9:15 of 3rd period - Stopped by Brian Elliott with a rebound.
9:26 of 3rd period - Icing by Brent Sopel.
9:27 of 3rd period - Tomas Plekanec wins face-off versus Ryan Kesler in Penguins zone.
9:52 of 3rd period - Wrist shot by Steven Stamkos.
9:52 of 3rd period - Stopped by Jonathan Bernier without a rebound.
9:53 of 3rd period - Steven Stamkos wins face-off versus Anze Kopitar in Kings zone.
9:59 of 3rd period - Minor Penalty to Nicklas Lidstrom for Roughing.
10:00 of 3rd period - Peter Forsberg wins face-off versus Tomas Plekanec in Kings zone.
10:08 of 3rd period - Snap shot by Darren Reid.
10:08 of 3rd period - Shot Blocked by Randy Jones.
10:10 of 3rd period - Slapshot by Brooks Orpik.
10:10 of 3rd period - Stopped by Jonathan Bernier with a rebound.
10:12 of 3rd period - Snap shot by Peter Forsberg.
10:12 of 3rd period - Deflect By Simon Gagné.
10:12 of 3rd period - Stopped by Jonathan Bernier with a rebound.
10:32 of 3rd period - Snap shot by Nathan Horton.
10:32 of 3rd period - Goal by Nathan Horton - Kings : 2 - Penguins : 4.
10:33 of 3rd period - Peter Forsberg wins face-off versus Anze Kopitar in neutral zone.
10:40 of 3rd period - Snap shot by Peter Forsberg.
10:40 of 3rd period - Shot Misses the Net.
10:46 of 3rd period - Snap shot by Kristopher Letang.
10:46 of 3rd period - Stopped by Brian Elliott without a rebound.
10:46 of 3rd period - Minor Penalty to Brent Seabrook for High sticking.
10:47 of 3rd period - Tomas Plekanec wins face-off versus Peter Forsberg in Kings zone.
11:25 of 3rd period - Snap shot by Brooks Orpik.
11:25 of 3rd period - Shot Misses the Net.
12:46 of 3rd period - Penalty to Brent Seabrook is over, Brent Seabrook is back on ice.
13:43 of 3rd period - Steve Sullivan is hit by Anze Kopitar and loses puck.
13:58 of 3rd period - Jonas Hoglund is hit by Ryan Kesler and loses puck.
14:26 of 3rd period - Off-side.
14:27 of 3rd period - Viktor Kozlov wins face-off versus Ryan Kesler in neutral zone.
14:44 of 3rd period - Ryan Ellis is hit by Denis Arkhipov.
14:47 of 3rd period - Off-side.
14:48 of 3rd period - Denis Arkhipov wins face-off versus Anze Kopitar in neutral zone.
14:51 of 3rd period - Slapshot by Brian McGrattan.
14:51 of 3rd period - Deflect By Michael Frolik.
14:51 of 3rd period - Stopped by Jonathan Bernier with a rebound.
15:04 of 3rd period - Icing by Anze Kopitar.
15:05 of 3rd period - Anze Kopitar wins face-off versus Steven Stamkos in Kings zone.
15:42 of 3rd period - Slapshot by Brent Seabrook.
15:42 of 3rd period - Stopped by Brian Elliott with a rebound.
17:38 of 3rd period - Luke Schenn is hit by Tomas Plekanec.
17:56 of 3rd period - Snap shot by Kristopher Letang.
17:56 of 3rd period - Stopped by Brian Elliott without a rebound.
17:57 of 3rd period - Steven Stamkos wins face-off versus Viktor Kozlov in Penguins zone.
17:59 of 3rd period - Minor Penalty to Steven Stamkos for Slashing.
18:00 of 3rd period - Peter Forsberg wins face-off versus Anze Kopitar in Penguins zone.
18:13 of 3rd period - Ryan Ellis is hit by Jay McKee and loses puck.
18:38 of 3rd period - Slapshot by Tomas Plekanec.
18:38 of 3rd period - Shot Misses the Net.
18:40 of 3rd period - Slapshot by Kristopher Letang.
18:40 of 3rd period - Shot Blocked by Simon Gagné.
19:20 of 3rd period - Sean Zimmerman is hit by Mikkel Boedker and loses puck.
19:47 of 3rd period - Peter Forsberg is hit by Adam Burish and loses puck.
19:59 of 3rd period - Penalty to Steven Stamkos is over, Steven Stamkos is back on ice.
Goals for this period are 0 for Kings vs 2 for Penguins.
Shots for this period are 6 for Kings vs 8 for Penguins.
Output by the SimonT Hockey Simulator (STHS) for François Prévost -- Original Page W3C XHTML 1.0 Valid